 Dungeon Crawl Stone Soup version 0.28.0-1-gb440e238dd (webtiles) character file.

Game seed: 9701829541854905666

175 PBDoughboyy the Insei (level 5, -2/41 HPs)
             Began as a Gnoll Transmuter on Feb 21, 2022.
             Slain by a wraith (7 damage)
             ... in an ossuary.
             The game lasted 00:13:41 (3233 turns).

PBDoughboyy the Insei (Gnoll Transmuter)            Turns: 3233, Time: 00:13:41

Health: -2/41      AC:  2    Str: 10    XL:     5   Next: 55%
Magic:  11/12      EV: 23    Int: 14    God:
Gold:   165        SH:  0    Dex: 23    Spells: 8/14 levels left

rFire   + . .      SeeInvis .     - Unarmed
rCold   x . .      Faith    .   (shield currently unavailable)
rNeg    . . .      Spirit   .   (armour currently unavailable)
rPois   x          Reflect  .   (helmet currently unavailable)
rElec   .          Harm     .   (cloak currently unavailable)
rCorr   .          Rampage  .   (gloves currently unavailable)
Will    .....                   (boots currently unavailable)
Stlth   ++........              (no amulet)
HPRegen 0.13/turn               b - +6 ring of dexterity
MPRegen 0.13/turn               c - ring of fire

@: spider-form (expiring), slowed, very slow
A: venomous fangs, tiny, (fangs 1), strong nose, distributed training
a: End Transformation


You were in an ossuary.
You were a venomous arachnid creature.
You visited 1 branch of the dungeon, and saw 4 of its levels.
You also visited: Ossuary.

You collected 165 gold pieces.

Inventory:

Hand Weapons
 m - the +7 mace of Vitus (melded) {freeze, Str+3 Dex+2}
   (You found it on level 3 of the Dungeon)

   It freezes those it strikes, dealing additional cold damage.
   It can also slow down cold-blooded creatures.
   Str:       It affects your strength (+3).
   Dex:       It affects your dexterity (+2).
Missiles
 e - 3 boomerangs
 k - 8 poisoned darts (quivered)
Armour
 a - a +0 robe (melded)
 d - a +0 pair of boots (melded)
Jewellery
 b - a +6 ring of dexterity (left front leg)
 c - a ring of fire (right front leg)
Scrolls
 f - a scroll of amnesia {unknown}
 h - a scroll of blinking {unknown}
 i - a scroll of noise {unknown}
 j - a scroll of identify {unknown}
 l - a scroll of silence {unknown}
 p - a scroll of magic mapping {unknown}
Potions
 g - 3 potions of might {unknown}
 n - a potion of heal wounds {unknown}
 o - a potion of curing {unknown}
 q - 2 potions of brilliance {unknown}


   Skills:
 + Level 3.0 Fighting
 + Level 1.5 Short Blades
 + Level 1.5 Long Blades
 + Level 1.5 Axes
 + Level 1.5 Maces & Flails
 + Level 1.5 Polearms
 + Level 1.5 Staves
 + Level 1.5 Slings
 + Level 1.5 Bows
 + Level 1.5 Crossbows
 + Level 1.5 Throwing
 + Level 1.5 Armour
 + Level 4.8 Dodging
 + Level 1.5 Stealth
 + Level 1.5 Shields
 + Level 6.7 Unarmed Combat
 + Level 5.2 Spellcasting
 + Level 1.2 Conjurations
 + Level 1.2 Hexes
 + Level 1.2 Summonings
 + Level 1.2 Necromancy
 + Level 1.2 Translocations
 + Level 4.0 Transmutations
 + Level 1.2 Fire Magic
 + Level 1.2 Ice Magic
 + Level 1.2 Air Magic
 + Level 1.2 Earth Magic
 + Level 1.2 Poison Magic
 + Level 1.7 Invocations
 + Level 1.5 Evocations


You had 8 spell levels left.
You knew the following spells:

 Your Spells              Type           Power      Damage    Failure   Level
a - Beastly Appendage     Tmut           28%        N/A       11%         1
b - Wereblood             Tmut           14%        N/A       14%         2
c - Spider Form           Tmut/Pois      11%        N/A       36%         3

Your spell library contained the following spells:

 Spells                   Type           Power      Damage    Failure   Level
 Inner Flame              Hex/Fire       10%        N/A       52%         3
 Ice Form                 Ice/Tmut       11%        N/A       71%         4
 Cause Fear               Hex            3%         N/A       87%         4
 Freezing Cloud           Conj/Ice/Air   3%         6-21      99%         5
 Simulacrum               Ice/Necr       3%         N/A       100%        6
 Discord                  Hex            3%         N/A       100%        8
 Polar Vortex             Ice            3%         N/A       100%        9


Dungeon Overview and Level Annotations

Branches:
Dungeon (4/15)             Temple (0/1) D:4         Ossuary (1/1)

Altars:


Innate Abilities, Weirdness & Mutations

You are a venomous arachnid creature.
You have poisonous fangs.
You are tiny and dextrous.
Your spellcasting is less reliable in this form.
Your armour is entirely melded.
You are incapable of wielding weapons or throwing items.
((You have very sharp teeth.))
Your uncanny sense of smell can sniff out nearby items.
Your experience applies equally to all skills.


Message History

The wraith completely misses you. The wraith misses you.
You hit the wraith.
The wraith is moderately damaged.
The wraith closely misses you.
You barely miss the wraith.
The wraith is moderately damaged.
The wraith misses you.
You hit the wraith.
The wraith is heavily damaged.
The wraith completely misses you. The wraith barely misses you.
You hit the wraith but do no damage.
The wraith is heavily damaged.
The wraith hits you. The wraith drains your vigour!
You feel as though you will be slow longer.
You hit the wraith.
The wraith is heavily damaged.
The wraith misses you.
You bite the wraith!
The wraith is severely damaged.
The wraith misses you.
You hit the wraith but do no damage.
The wraith is severely damaged.
The wraith hits you. The wraith drains your vigour!
You feel as though you will be slow longer.
The wraith closely misses you.
You hit the wraith but do no damage.
The wraith is severely damaged.
The wraith misses you.
You hit the wraith.
The wraith is almost destroyed.
Your transformation is almost over.
The wraith hits you!
* * * LOW HITPOINT WARNING * * *
You hit the wraith but do no damage.
The wraith is almost destroyed.
The wraith hits you but does no damage. The wraith closely misses you.
You barely miss the wraith.
The wraith is almost destroyed.
The wraith hits you!
You die...

......'..#∆ ...# ..8..
..∩...'..####..####....
.....##...............
#...###.............#
##.## #..####.......#
### #..#∆+....8...#∆
#W# #..####.......###.
### #.................
#........#s#..#.#.
#..####..#W#..#
#..#.'...#!# .#∆
#..####..###..#
#..............
#...............
###############


You could see a wraith.

Vanquished Creatures
  Terence (D:3)
  A mummy (Ossuary)
  3 gnolls (D:4)
  5 adders
  2 dart slugs
  5 orcs (D:3)
  7 bats
  3 endoplasms
  A giant cockroach (D:2)
  5 goblins
  4 hobgoblins
  5 kobolds
  2 quokkas
  2 ball pythons
  3 frilled lizards
  3 goblin zombies (Ossuary)
  3 hobgoblin zombies (Ossuary)
  A kobold zombie (Ossuary)
  4 rats
60 creatures vanquished.

Vanquished Creatures (others)
  2 plants (D:4)
2 creatures vanquished.

Grand Total: 62 creatures vanquished

Notes
Turn   | Place    | Note
-------+----------+-------------------------------------------
     0 | D:1      | PBDoughboyy the Gnoll Transmuter began the quest for the
                  | Orb.
     0 | D:1      | Reached XP level 1. HP: 17/17 MP: 6/6
   115 | D:1      | Reached XP level 2. HP: 19/23 MP: 7/7
   118 | D:1      | Learned a level 2 spell: Wereblood
  1008 | D:2      | Reached XP level 3. HP: 28/28 MP: 5/9
  1015 | D:2      | Found a faded altar of an unknown god.
  1062 | D:2      | Reached skill level 5 in Spellcasting
  1151 | D:2      | Reached skill level 1 in Invocations
  1464 | D:2      | Reached skill level 1 in Short Blades
  1464 | D:2      | Reached skill level 1 in Long Blades
  1464 | D:2      | Reached skill level 1 in Axes
  1464 | D:2      | Reached skill level 1 in Maces & Flails
  1464 | D:2      | Reached skill level 1 in Polearms
  1464 | D:2      | Reached skill level 1 in Staves
  1464 | D:2      | Reached skill level 1 in Slings
  1464 | D:2      | Reached skill level 1 in Bows
  1464 | D:2      | Reached skill level 1 in Crossbows
  1464 | D:2      | Reached skill level 1 in Throwing
  1464 | D:2      | Reached skill level 1 in Armour
  1464 | D:2      | Reached skill level 1 in Stealth
  1464 | D:2      | Reached skill level 1 in Shields
  1464 | D:2      | Reached skill level 1 in Evocations
  1830 | D:3      | Identified the +7 mace of Vitus {freeze, Str+3 Dex+2}
  1980 | D:3      | Reached XP level 4. HP: 34/34 MP: 8/11
  1986 | D:3      | Learned a level 3 spell: Spider Form
  2251 | D:3      | Noticed Terence
  2260 | D:3      | Killed Terence
  2261 | D:3      | Reached skill level 1 in Conjurations
  2261 | D:3      | Reached skill level 1 in Hexes
  2261 | D:3      | Reached skill level 1 in Summonings
  2261 | D:3      | Reached skill level 1 in Necromancy
  2261 | D:3      | Reached skill level 1 in Translocations
  2261 | D:3      | Reached skill level 1 in Fire Magic
  2261 | D:3      | Reached skill level 1 in Ice Magic
  2261 | D:3      | Reached skill level 1 in Air Magic
  2261 | D:3      | Reached skill level 1 in Earth Magic
  2261 | D:3      | Reached skill level 1 in Poison Magic
  2811 | D:3      | Reached XP level 5. HP: 40/40 MP: 12/12
  2992 | D:4      | Found a staircase to the Ecumenical Temple.
  3143 | D:4      | Found a sand-covered staircase.
  3148 | Ossuary  | Entered an ossuary
  3148 | Ossuary  | Noticed a wraith
  3148 | Ossuary  | Noticed a wraith
  3148 | Ossuary  | Noticed a wraith
  3214 | Ossuary  | Noticed a wraith
  3233 | Ossuary  | Slain by a wraith

Illustrated notes

Levels and vault maps discovered:
D:1:      scummos_arrival_checkerplants, layout_basic
D:2:      layout_basic, hellmonk_ecumenical_altar_heavens_door
D:3:      layout_basic, kennysheep_cross_bottleneck, uniq_terence
D:4:      layout_loops_cross, temple_pool_b, nicolae_ossuary_entry_ruins,
          serial_bayou_pond_d, kennysheep_generic_room_7
Ossuary:  ossuary_kennysheep_city_of_the_dead

Skill      XL: |  1  2  3  4  5 |
---------------+----------------+-----
Spellcasting   | 5 |  5.2
Invocations    | 1 |  1.7
Short Blades   | 1 |  1.5
Long Blades    | 1 |  1.5
Axes           | 1 |  1.5
Maces & Flails | 1 |  1.5
Polearms       | 1 |  1.5
Staves         | 1 |  1.5
Slings         | 1 |  1.5
Bows           | 1 |  1.5
Crossbows      | 1 |  1.5
Throwing       | 1 |  1.5
Armour         | 1 |  1.5
Stealth        | 1 |  1.5
Shields        | 1 |  1.5
Evocations     | 1 |  1.5
Conjurations   | 1 |  1.2
Hexes          | 1 |  1.2
Summonings     | 1 |  1.2
Necromancy     | 1 |  1.2
Translocations | 1 |  1.2
Fire Magic     | 1 |  1.2
Ice Magic      | 1 |  1.2
Air Magic      | 1 |  1.2
Earth Magic    | 1 |  1.2
Poison Magic   | 1 |  1.2
Fighting       | 3 |  3.0
Transmutations | 4 |  4.0
Dodging        | |  4.8
Unarmed Combat | |  6.7

Action                   |  1- 3 |  4- 6 || total
-------------------------+-------+-------++-------
Melee: Unarmed           |    11 |    12 ||    23
       Kick              |     8 |     9 ||    17
       Dagger            |    18 |       ||    18
       Hand axe          |    33 |       ||    33
       Headbutt          |    10 |     7 ||    17
       Bite              |     6 |     4 ||    10
       Mace              |     7 |    51 ||    58
       Punch             |     3 |       ||     3
Throw: Dart              |     5 |     6 ||    11
 Cast: Beastly Appendage |    15 |     8 ||    23
       Wereblood         |     3 |     1 ||     4
       Spider Form       |       |     1 ||     1
 Stab: Sleeping          |     7 |     6 ||    13
       Distracted        |     1 |       ||     1
Armor: Robe              |    13 |     5 ||    18
       Skin              |       |     2 ||     2
Dodge: Dodged            |    33 |    34 ||    67
